Map: Ephemeron LE

Players

Namshar - Winner!

  • Race: Zerg Zerg
  • League: Grandmaster
  • Spawn Location: 11:00

Marsman

  • Race: Protoss Protoss
  • League: Grandmaster
  • Spawn Location: 5:00

Event: NationWars 2019

VOD

Have the link to the VOD?

Description

Time

  • Played on: Oct. 1, 2019, 2:51 p.m.
  • Length: 16:04
Show
View Real Time Build Order
Export as new Build Order

Namshar Zerg - Winner!

Build Orders: Hatch First 

Get SALT Encoding   

  12  0:00  Drone  
  13  0:12  Overlord  
  13  0:17  Drone  
  14  0:30  Drone x2  
  16  0:48  Hatchery  
  15  0:52  Drone  
  15  0:55  Drone  
  17  0:58  Drone  
  18  1:09  Extractor  
  17  1:13  Spawning Pool  
  17  1:16  Drone  
  17  1:20  Drone  
  18  1:27  Drone  
  19  1:38  Drone  
  20  1:48  Overlord  
  20  2:00  Zergling x2, Queen x2  
  20  2:01  Zergling x2  
  26  2:11  Drone x2  
  28  2:22  Drone x2  
  30  2:31  Overlord  
  30  2:35  Pneumatized Carapace  
  30  2:38  Hatchery  
  29  2:44  Drone x2  
  29  2:49  Overlord  
  31  2:54  Queen  
  31  2:57  Drone  
  34  3:00  Drone  
  34  3:04  Drone  
  34  3:05  Drone  
  37  3:10  Drone x2  
  37  3:11  Drone  
  40  3:17  Drone x2  
  42  3:21  Drone  
  42  3:22  Drone  
  44  3:27  Metabolic Boost  
  44  3:30  Overlord  
  44  3:35  Drone  
  44  3:36  Drone  
  44  3:40  Roach Warren  
  45  3:41  Queen  
  45  3:47  Drone  
  45  3:48  Drone x3  
  51  3:50  Extractor  
  51  3:52  Extractor  
  51  3:53  Drone  
  51  3:54  Drone  
  51  4:02  Overlord  
  51  4:15  Drone  
  51  4:17  Overlord  
  52  4:22  Roach  
  52  4:23  Roach x6  
  66  4:32  Overlord  
  66  4:38  Overlord x2  
  66  4:39  Zergling x10  
  71  4:52  Lair, Overlord  
  71  4:54  Roach x2  
  71  4:59  Zergling x2  
  76  5:00  Drone x2  
  76  5:02  Roach  
  76  5:03  Roach  
  76  5:04  Drone  
  83  5:15  Drone x3  
  83  5:17  Ravager x3, Overlord  
  89  5:24  Drone, Overlord  
  89  5:26  Roach x4  
  98  5:31  Overlord x2  
  98  5:35  Queen  
  98  5:41  Overlord  
  98  5:42  Drone x2  
  102  5:49  Drone x2  
  104  5:51  Overseer, Glial Reconstitution  
  104  5:52  Overseer  
  104  5:54  Overlord  
  104  5:58  Roach x2  
  104  6:01  Overlord  
  118  6:19  Queen x3  
  118  6:20  Spore Crawler  
  118  6:21  Spore Crawler  
  118  6:22  Spore Crawler  
  111  6:26  Drone x10  
  121  6:34  Spore Crawler  
  121  6:35  Spore Crawler  
  121  6:36  Spore Crawler  
  118  6:40  Drone x4  
  118  6:41  Drone  
  118  6:43  Evolution Chamber  
  118  6:47  Baneling Nest  
  118  6:50  Drone x3  
  118  6:55  Queen  
  118  6:58  Extractor x2  
  118  6:59  Extractor  
  118  7:00  Drone  
  118  7:02  Drone x4, Infestation Pit  
  121  7:12  Drone  
  121  7:13  Drone x2  
  118  7:24  Hatchery  
  118  7:27  Zerg Melee Weapons Level 1, Drone  
  118  7:28  Drone x4  
  118  7:29  Drone x2  
  124  7:33  Centrifical Hooks  
  123  7:42  Zergling x14  
  131  7:44  Ravager x2  
  131  7:46  Ravager x2  
  131  7:50  Ravager  
  131  7:51  Ravager  
  136  7:52  Roach  
  136  7:53  Overlord  
  136  7:54  Overlord x3  
  138  8:01  Ravager  
  138  8:05  Ravager  
  133  8:06  Ravager  
  133  8:08  Roach x5  
  135  8:16  Roach x7  
  146  8:20  Roach  
  146  8:22  Ravager  
  146  8:25  Roach x3  
  151  8:29  Roach x2  
  151  8:34  Roach  
  146  8:36  Roach x2  
  138  8:41  Roach  
  134  8:49  Roach x5  
  134  8:54  Roach  
  134  8:55  Roach x6  
  122  9:04  Roach x3  
  115  9:18  Roach x5  
  115  9:20  Roach  
  107  9:25  Roach  
  107  9:26  Roach x4  
  107  9:30  Roach  
  107  9:31  Roach  
  107  9:33  Roach  
  107  9:35  Ravager  
  105  9:42  Roach x3  
  99  9:51  Zergling x6, Roach  
  79  10:02  Roach  
  79  10:03  Roach x3  
  79  10:06  Zergling x2  
  84  10:16  Drone x5  
  89  10:21  Zerg Melee Weapons Level 2  
  89  10:26  Drone x2  
  91  10:31  Drone x2  
  93  10:41  Overseer  
  93  10:43  Drone  
  93  10:44  Drone x2  
  93  10:46  Drone x3  
  93  10:47  Roach x2  
  103  10:53  Ravager x3  
  103  10:54  Ravager  
  107  10:57  Drone  
  107  10:59  Roach x3  
  113  11:05  Roach x2  
  113  11:08  Zergling x2  
  113  11:09  Zergling x4  
  120  11:12  Baneling  
  120  11:13  Baneling, Ravager x2  
  120  11:15  Zergling x6  
  125  11:20  Zergling x4, Roach  
  125  11:24  Queen  
  131  11:32  Baneling x6  
  131  11:33  Drone x3, Overlord  
  133  11:44  Drone x5  
  137  11:50  Zergling x10, Roach  
  144  11:56  Baneling  
  144  11:57  Baneling x6  
  144  11:58  Ravager x3  
  144  11:59  Ravager  
  148  12:15  Hatchery, Overlord x2  
  147  12:17  Zergling x8, Ravager x2  
  147  12:18  Zergling x6  
  147  12:19  Baneling  
  147  12:20  Baneling x3  
  156  12:23  Queen  
  158  12:31  Ravager  
  158  12:32  Zergling x14, Ravager  
  167  12:42  Drone, Spire  
  167  12:43  Hive  
  167  12:46  Drone  
  167  12:47  Drone, Extractor x2  
  167  12:51  Drone x2  
  167  12:52  Drone x4  
  173  13:04  Zergling x6  
  173  13:05  Zergling x16  
  184  13:08  Baneling x8  
  182  13:14  Baneling x11  
  176  13:23  Zergling x2, Roach  
  176  13:24  Zergling x12  
  168  13:31  Zergling x4, Roach  
  168  13:32  Zergling x4  
  167  13:36  Zergling x4, Roach  
  167  13:38  Roach  
  142  13:50  Drone x5  
  146  13:57  Adrenal Glands, Greater Spire  
  146  13:58  Overlord  
  146  14:05  Zergling x18  
  151  14:30  Corruptor x4  
  151  14:31  Corruptor x2  
  155  14:37  Zergling x22, Roach  
  171  14:43  Spore Crawler, Extractor x2  
  165  14:47  Overlord  
  157  15:05  Baneling x9  
  153  15:08  Brood Lord x4  
  153  15:12  Brood Lord x2  
  165  15:16  Baneling x5  
  165  15:19  Zergling x14, Overlord  
  172  15:29  Zergling x10, Roach  
  178  15:38  Baneling  
Show
View Real Time Build Order
Export as new Build Order

Marsman Protoss 

Build Orders: 1 Gate Expand 

Get SALT Encoding   

  12  0:00  Probe  
  13  0:12  Probe  
  14  0:19  Pylon  
  14  0:24  Probe  
  15  0:38  Probe (Chrono Boost)  
  15  0:39  Gateway  
  16  0:45  Assimilator  
  16  0:51  Probe (Chrono Boost)  
  17  0:58  Probe (Chrono Boost)  
  18  1:05  Probe  
  19  1:17  Probe  
  20  1:26  Nexus  
  20  1:35  Cybernetics Core  
  20  1:38  Probe  
  21  1:45  Assimilator  
  21  1:50  Probe  
  22  1:54  Pylon  
  22  2:02  Probe  
  23  2:09  Adept (Chrono Boost)  
  23  2:15  Probe  
  26  2:24  Robotics Facility  
  26  2:26  Pylon  
  26  2:28  Probe (Chrono Boost)  
  27  2:35  Warp Gate  
  29  2:37  Stalker  
  29  2:38  Probe (Chrono Boost)  
  31  2:46  Probe (Chrono Boost)  
  31  2:48  Probe (Chrono Boost)  
  32  2:53  Probe x2 (Chrono Boost)  
  34  2:58  Gateway  
  34  3:04  Probe  
  35  3:06  Probe  
  36  3:13  Warp Prism (Chrono Boost)  
  36  3:16  Probe  
  36  3:19  Probe  
  40  3:28  Probe  
  40  3:31  Probe  
  40  3:33  Pylon  
  42  3:41  Probe  
  43  3:42  Pylon  
  43  3:47  Observer, Assimilator  
  44  3:48  Assimilator  
  44  3:55  Probe  
  45  3:56  Probe  
  46  4:07  Probe, Immortal (Chrono Boost)  
  51  4:11  Probe  
  52  4:19  Probe  
  52  4:23  Probe  
  54  4:25  Stalker x2, Gateway  
  54  4:26  Gateway  
  54  4:31  Observer  
  58  4:41  Stargate  
  58  4:43  Stargate, Probe  
  58  4:44  Probe  
  60  4:46  Pylon  
  60  4:51  Pylon  
  60  4:56  Probe  
  60  4:58  Probe  
  62  5:03  Pylon  
  62  5:07  Stalker  
  64  5:15  Probe  
  65  5:24  Phoenix (Chrono Boost)  
  65  5:25  Phoenix (Chrono Boost), Gateway x2  
  69  5:41  Phoenix (Chrono Boost), Probe  
  69  5:42  Phoenix (Chrono Boost)  
  70  5:45  Gateway  
  74  5:53  Pylon  
  74  5:54  Immortal (Chrono Boost)  
  78  6:00  Phoenix x2 (Chrono Boost)  
  82  6:19  Sentry  
  82  6:20  Sentry x3  
  82  6:21  Phoenix  
  92  6:28  Probe  
  93  6:37  Pylon  
  93  6:39  Pylon  
  93  6:50  Nexus  
  93  6:51  Pylon  
  93  6:52  Immortal (Chrono Boost)  
  91  6:55  Pylon  
  91  7:00  Sentry x3  
  100  7:18  Pylon  
  100  7:23  Probe  
  100  7:24  Immortal  
  100  7:25  Stalker x5  
  115  7:32  Probe  
  115  7:33  Pylon  
  114  7:38  Pylon  
  114  7:46  Stalker x2  
  114  7:48  Stalker x3  
  123  8:09  Stalker x2  
  127  8:16  Sentry x2  
  127  8:17  Stalker  
  127  8:18  Zealot x2  
  115  8:36  Stalker x2  
  107  8:41  Stalker x3  
  107  8:43  Probe  
  107  8:44  Probe  
  99  8:59  Stalker x4  
  99  9:09  Stalker x3  
  99  9:13  Zealot  
  101  9:22  Zealot x3  
  87  9:36  Stalker x4  
  95  9:42  Warp Prism  
  87  9:50  Probe  
  87  9:52  Probe  
  73  10:06  Sentry x2  
  73  10:07  Sentry, Zealot x4  
  75  10:09  Probe  
  75  10:10  Probe  
  75  10:12  Probe  
  82  10:15  Immortal (Chrono Boost)  
  86  10:21  Probe  
  86  10:22  Probe  
  86  10:28  Sentry x2, Zealot  
  92  10:29  Zealot  
  92  10:31  Probe  
  92  10:34  Probe  
  98  10:39  Probe  
  99  10:45  Sentry x2, Zealot x2  
  99  10:46  Zealot  
  99  10:48  Probe  
  110  10:52  Probe  
  110  10:56  Assimilator  
  111  10:59  Assimilator  
  111  11:11  Probe  
  111  11:15  Twilight Council  
  111  11:16  Adept x2, Forge  
  111  11:18  Sentry x2  
  118  11:19  Stalker  
  118  11:20  Zealot x2  
  118  11:22  Probe  
  127  11:36  Gateway  
  127  11:39  Gateway  
  127  11:40  Charge (Chrono Boost)  
  127  11:41  Probe  
  127  11:46  Probe  
  125  11:50  Zealot  
  125  11:52  Stalker  
  129  11:57  Immortal (Chrono Boost)  
  129  11:59  Templar Archives  
  129  12:00  Protoss Ground Weapons Level 1 (Chrono Boost)  
  133  12:02  Stalker  
  133  12:05  Probe  
  136  12:12  Psionic Storm, Photon Cannon  
  136  12:14  Shield Battery  
  136  12:26  Shield Battery  
  136  12:28  Photon Cannon x2  
  136  12:29  Pylon  
  136  12:41  Stalker  
  136  12:43  High Templar x3  
  144  12:49  High Templar  
  144  12:50  Zealot x2  
  150  13:02  Pylon, Zealot x2  
  154  13:18  High Templar x2  
  158  13:20  Zealot x4  
  158  13:26  Archon  
  118  13:36  Zealot x3  
  118  13:40  Archon  
  108  13:46  High Templar x3  
  108  13:48  Probe  
  111  13:51  Probe x2  
  111  13:54  High Templar, Zealot x2  
  115  14:01  Probe  
  114  14:10  Nexus  
  114  14:11  Pylon  
  114  14:13  Zealot  
  114  14:18  Zealot x3  
  118  14:27  High Templar x2  
  118  14:28  Zealot x3  
  108  14:42  Zealot x3  
  108  14:43  Zealot  
  116  14:46  Probe  
  115  14:57  Zealot  
  115  14:58  Zealot  
  109  15:09  High Templar x2  
  109  15:11  High Templar  
  109  15:12  High Templar, Zealot x2  
  109  15:13  Zealot  
  123  15:16  Archon  
  123  15:17  Archon  
  123  15:18  Zealot x2  
  123  15:34  Zealot  
  123  15:35  Zealot x4  
Tags
 
Add a new tag
Caveats
  • Supply blocks, unpowered buildings, or Contaminate may cause inaccurate times.
  • Supply counts are checked every 10 seconds.